 Dungeon Crawl Stone Soup version 0.26.0-20-g3ca415f5b8 (webtiles) character file.

Game seed: 1035527537729748859

135492 iamoutofideas the Devastator (level 16, -8/111 HPs)
             Began as a Demonspawn Fire Elementalist on Jan 25, 2021.
             Was a High Priest of Vehumet.
             Killed from afar by a will-o-the-wisp (11 damage)
             ... with a foxfire
             ... on level 4 of the Lair of Beasts.
             The game lasted 01:34:40 (45262 turns).

iamoutofideas the Devastator (DsFE)                Turns: 45262, Time: 01:34:42

Health: -8/111     AC: 12    Str: 13    XL:     16   Next: 64%
Magic:  45/45      EV: 18    Int: 28    God:    Vehumet [*****.]
Gold:   1968       SH: 13    Dex: 17    Spells: 10/47 levels left

rFire    . . .     SeeInvis .   U - +4 dagger "Koage" {vorpal, *Noise +Rage rPois Str+4}
rCold    + . .     Faith    .   i - +3 buckler
rNeg     . . .     Spirit   .   e - +0 troll leather armour
rPois    +         Reflect  +   (helmet unavailable)
rElec    .         Harm     .   X - +1 cloak
rCorr    .         Rampage  .   G - +2 pair of gloves
Will     +....                  A - +2 pair of boots {Fly}
Stlth    ++........             D - amulet of reflection
HPRegen  0.68/turn              Z - +6 ring of intelligence
MPRegen  0.29/turn              H - ring of magical power

@: lethally poisoned (-8 -> -9), about to teleport, repel missiles
A: horns 3, repulsion field 3, agile 1, cold resistance 1, demonic guardian 2,
powered by pain 2, screaming 1, freezing cloud immunity
a: Renounce Religion, Evoke Berserk Rage, Evoke Flight


You were on level 4 of the Lair of Beasts.
You worshipped Vehumet.
Vehumet was extremely pleased with you.
You visited 7 branches of the dungeon, and saw 27 of its levels.
You also visited: Volcano.

You collected 2492 gold pieces.
You spent 524 gold pieces at shops.

Inventory:

Hand Weapons
 B - the +3 short sword of Elaygain {drain, rF++ Will- SInv Stlth+}
   (You took it off a kobold on level 5 of the Dungeon)

   A truly terrible weapon, it drains the life of those it strikes.
   It greatly protects you from fire.
   It affects your willpower, your defense against some magical effects.
   It lets you see invisible.
   It makes you more stealthy.
 C - a +9 short sword of protection
 S - the +5 demon blade of Calculation {pain, +Blink Str+5 Dex+3}
   (You took it off an orc warrior on level 12 of the Dungeon)

   In the hands of one skilled in necromantic magic, it inflicts extra damage on
   living creatures.
   It affects your strength (+5).
   It affects your dexterity (+3).
   It lets you blink.
 U - the +4 dagger "Koage" (weapon) {vorpal, *Noise +Rage rPois Str+4}
   (You found it on level 6 of the Lair of Beasts)

   It inflicts extra damage upon your enemies.
   It affects your strength (+4).
   It protects you from poison.
   It lets you go berserk.
   It may make noises in combat.
Armour
 e - a +0 troll leather armour (worn)
 i - a +3 buckler (worn)
 x - the +1 leather armour of Xom's Vengeance {*Contam rC- Will++ Dex+2}
   (You took it off an orc on level 1 of the Orcish Mines)

   It affects your dexterity (+2).
   It makes you vulnerable to cold.
   It affects your willpower, your defense against some magical effects.
   It causes magical contamination when unequipped.
 A - a +2 pair of boots of flying (worn)
 G - a +2 pair of gloves (worn)
 V - the +3 plate armour of Xeshrebawn {rCorr Dex+4}
   (You found it on level 6 of the Lair of Beasts)

   It affects your dexterity (+4).
   It provides partial protection from all sources of acid and corrosion.
 X - a +1 cloak (worn)
Magical Staves
 J - an uncursed staff of poison
Jewellery
 D - an amulet of reflection (around neck)
 H - a ring of magical power (right hand)
 M - an uncursed ring of protection from cold
 Z - a +6 ring of intelligence (left hand)
Wands
 w - a wand of paralysis (43)
 z - a wand of acid (27)
 F - a wand of disintegration (8)
 L - a wand of polymorph (20)
 N - a wand of digging (18)
 P - a wand of iceblast (4)
 W - a wand of enslavement (7)
Scrolls
 c - 9 scrolls of teleportation
 h - 4 scrolls of immolation
 k - 3 scrolls of remove curse
 l - 4 scrolls of amnesia
 o - a scroll of brand weapon
 t - 4 scrolls of enchant weapon
 I - a scroll of fear
 K - a scroll of identify
 O - 3 scrolls of fog
 Q - 4 scrolls of magic mapping
Potions
 b - 5 potions of brilliance
 f - 4 potions of cancellation
 j - 5 potions of might
 m - 2 potions of magic
 n - a potion of lignification
 p - 4 potions of flight
 q - 3 potions of mutation
 r - 3 potions of curing
 s - 7 potions of resistance
 u - 4 potions of haste
 v - 3 potions of berserk rage
 T - a potion of invisibility


   Skills:
 - Level 5.7 Fighting
 - Level 4.7 Dodging
 - Level 2.0 Stealth
 - Level 4.0 Shields
 - Level 0.3 Unarmed Combat
 + Level 16.1 Spellcasting
 + Level 16.2 Conjurations
 + Level 14.0 Fire Magic
 - Level 3.0 Earth Magic


You had 10 spell levels left.
You knew the following spells:

 Your Spells              Type           Power        Failure   Level
a - Foxfire               Conj/Fire      100%         0%          1
b - Conjure Flame         Conj/Fire      82%          0%          3
c - Sticky Flame          Conj/Fire      82%          1%          4
d - Fireball              Conj/Fire      41%          1%          5
e - Iron Shot             Conj/Erth      33%          2%          6
f - Mephitic Cloud        Conj/Pois/Air  52%          1%          3
g - Fire Storm            Conj/Fire      41%          77%         9
h - Ozocubu's Refrigerat  Ice            11%          67%         6

Your spell library contained the following spells:

 Spells                   Type           Power        Failure   Level
 Starburst                Conj/Fire      41%          1%          6
 Ignite Poison            Fire/Tmut/Pois 48%          1%          3
 Inner Flame              Hex/Fire       58%          1%          3
 Fulminant Prism          Conj/Hex       31%          1%          4
 Animate Skeleton         Necr           44%          2%          1
 Beastly Appendage        Tmut           44%          2%          1
 Pain                     Necr           88%          2%          1
 Sting                    Tmut/Pois      88%          2%          1
 Poisonous Vapours        Pois/Air       44%          4%          2
 Wereblood                Tmut           22%          4%          2
 Olgreb's Toxic Radiance  Pois           22%          7%          4
 Confusing Touch          Hex            22%          9%          3
 Gell's Gravitas          Tloc           11%          9%          3
 Spider Form              Tmut/Pois      11%          9%          3
 Tukima's Dance           Hex            22%          9%          3
 Vampiric Draining        Necr           11%          9%          3
 Leda's Liquefaction      Hex/Erth       15%          14%         4
 Petrify                  Tmut/Erth      31%          14%         4
 Yara's Violent Unravell  Hex/Tmut       11%          19%         5
 Animate Dead             Necr           11%          26%         4
 Ice Form                 Ice/Tmut       22%          26%         4
 Agony                    Necr           22%          58%         5
 Blade Hands              Tmut           11%          58%         5
 Metabolic Englaciation   Hex/Ice        11%          58%         5
 Silence                  Hex/Air        11%          58%         5
 Lehudib's Crystal Spear  Conj/Erth      33%          61%         8
 Chain Lightning          Conj/Air       31%          80%         8
 Absolute Zero            Ice            11%          100%        9


Dungeon Overview and Level Annotations

Branches:
Dungeon (15/15)            Temple (1/1) D:7            Lair (6/6) D:11
  Swamp (1/4) Lair:4        Snake (1/4) Lair:2        Slime (0/5) Lair:6
    Orc (2/2) D:12            Elf (1/3) Orc:2        Vaults (0/5) D:14
 Depths (0/5) D:15        Volcano (visited)

Altars:
Ashenzari
Cheibriados
Dithmenos
Elyvilon
Fedhas
Gozag
Hepliaklqana
Kikubaaqudgha
Makhleb
Nemelex Xobeh
Okawaru
Qazlal
Ru
Sif Muna
Trog
Uskayaw
Vehumet
Wu Jian
Xom
Yredelemnul
Zin
The Shining One
Jiyva

Shops:
D:4 *   D:9 *   D:10 !   D:15 }   Orc:2 }[?!

Portals:
Pandemonium: Orc:2

Annotations:
D:3 2 transporters
D:8 2 transporters
D:9 exclusions: 2 downstairs and 2 oklob saplings
D:10 exclusion: downstairs
D:11 exclusion: downstairs
D:12 exclusion: downstairs
D:13 exclusion: downstairs
D:14 exclusion: downstairs
Lair:3 exclusion: downstairs
Swamp:1 Aizul


Innate Abilities, Weirdness & Mutations

You have a pair of large horns on your head.
You are surrounded by a strong repulsion field. (EV +4, RMsl)
Your flesh is cold resistant. (rC+)
A demonic guardian rushes to your aid.
You sometimes gain power by taking damage.
You are immune to freezing clouds.
You are agile. (Dex +2)
You occasionally shout uncontrollably at your foes.


Message History

Unknown command.
Blink to where?
Press: ? - help, Dir - move target
As you read the scroll of blinking, it crumbles to dust.
You feel sick.
Press: ? - help, v - describe, . - travel
Here: a will-o-the-wisp (thin mist)
The floor.
You feel sick.
The will-o-the-wisp gestures.
The will-o-the-wisp conjures some foxfire! 2 foxfires come into view.
As you read the scroll of teleportation, it crumbles to dust.
You feel strangely unstable.
You feel sick.
As you read the scroll of fear, it crumbles to dust.
You assume a fearsome visage.
The will-o-the-wisp is unaffected.
The foxfire is unaffected. x2; The foxfire hits you!!
* * * LOW HITPOINT WARNING * * *
The foxfire hits you!
You die...

##..w≈§♣§≈≈≈≈≈♣≈≈≈≈.....#....
#...≈§§.♣.§.♣.........⌠......
##..≈§§.§.............⌠......
#.♣≈§§v≈≈≈≈≈≈.≈≈≈≈.......... #
♣♣♣♣§§..........♣.........
####♣#♣ #.§§....♣..............
###....P♣ ###.§..........#.......
#P#.....### ##.v.....###.........
#.........######@.....##.........
##.........#.# #.....###.##.##...
............## #..##.##..#....##.
#...........# #...#####.+.....##
...........P# #....# #P.#......#
..........#######..## ##.....8...
..........# ##..÷..## #.##.......
.........## #.......#########....
........## #........# ##..##...


You could see a will-o-the-wisp.

Vanquished Creatures
  Jorgrun (D:15)
  2 orc warlords
  A red draconian (Volcano)
  A dire elephant (Lair:6)
  5 hydras
  8 centaur warriors
  2 boulder beetles
  A death knight (D:13)
  A naga warrior (Snake:1)
  5 anacondas
  5 catoblepae
  A dancing weapon (Elf:1)
  19 two-headed ogres
  2 alligators (Lair:4)
  5 death yaks (Lair:6)
  An ogre mage (D:15)
  2 shock serpents (Snake:1)
  2 orc high priests (Orc:2)
  A deep elf knight (D:12)
  Sonja (D:13)
  2 sixfirhies (Orc:2)
  A salamander mystic (Volcano)
  4 unseen horrors
  An obsidian statue (D:15)
  2 wizards
  A torturous demonspawn (Orc:2)
  An orange crystal statue (D:15)
  2 lindwurms (Lair:6)
  2 bog bodies (Lair:4)
  Pikel (D:5)
  2 orc knights (Orc:2)
  2 deep elf magi
  9 orc sorcerers
  9 ugly things
  4 oklob plants (Lair:1)
  6 salamanders (Volcano)
  8 manticores
  2 cyclopes
  The ghost of qqq123 the Skirmisher, a novice GrFi of Makhleb (D:5)
  6 black mambas
  An eye of devastation (Lair:6)
  2 elephants (Lair:6)
  Maurice (D:13)
  4 gargoyles
  A naga mage (D:15)
  A torpor snail (Lair:4)
  11 cane toads
  3 rime drakes
  4 kobold demonologists (D:14)
  A cane toad (shapeshifter) (D:14)
  3 orange demons (D:13)
  An efreet (D:11)
  A yaktaur (shapeshifter) (D:14)
  5 komodo dragons
  A freezing wraith (D:14)
  A red devil (Orc:2)
  8 polar bears
  2 tyrant leeches
  6 trolls
  A tengu conjurer (D:14)
  7 raiju (Lair:6)
  3 meliai (D:15)
  3 hornets
  14 slime creatures
  A meliai zombie (D:13)
  4 dream sheep
  4 shadows
  A ynoxinul (Orc:2)
  31 yaks
  2 wraiths
  2 spriggans (Swamp:1)
  6 basilisks
  6 wyverns
  A steam dragon (D:11)
  Menkaure (D:6)
  6 wargs
  3 swamp worms
  An acid dragon (D:11)
  5 nagas
  2 soldier ants
  A soldier ant (shapeshifter) (D:11)
  9 hell hounds (Lair:6)
  11 water moccasins
  A floating eye (shapeshifter) (D:14)
  5 ice beasts
  53 orc warriors
  2 phantoms
  12 black bears
  6 sky beasts
  A necrophage (D:9)
  An eye of draining (Lair:6)
  9 ogres
  18 wolves
  12 centaurs
  A lemure (D:5)
  7 big kobolds
  A wyvern zombie (D:11)
  21 bullfrogs
  7 scorpions
  A water moccasin skeleton (D:12)
  16 killer bees
  4 howler monkeys
  21 wights
  An electric eel (Lair:4)
  2 centaur zombies
  4 bullfrog zombies
  A quasit (D:12)
  29 orc priests
  A centaur skeleton (D:9)
  9 hounds
  10 jellies
  22 orc wizards
  2 bullfrog skeletons
  An iron imp (D:9)
  7 worker ants
  5 iguanas
  3 hound skeletons
  11 gnolls
  A worker ant zombie (D:7)
  23 adders
  2 shadow imps
  2 white imps (D:10)
  3 ufetubi
  4 oozes
  3 adder skeletons
  2 worms (D:3)
  6 dart slugs
  9 leopard geckos
  105 orcs
  9 ball pythons
  6 bats
  A giant cockroach (D:3)
  11 goblins
  5 hobgoblins
  11 jackals
  38 kobolds
  5 quokkas
  A frilled lizard (D:1)
  A giant cockroach zombie (D:6)
  A goblin zombie (D:9)
  A hobgoblin zombie (D:9)
  2 kobold skeletons (D:9)
  2 kobold zombies (D:9)
  An orc skeleton (D:9)
  9 rats
885 creatures vanquished.

Vanquished Creatures (collateral kills)
  The ghost of Fractals the Blocker, a journeyman HOFi of Beogh (Lair:2)
  An ogre mage (D:15)
  5 hydras
  A catoblepas (Lair:4)
  A two-headed ogre (D:11)
  A centaur warrior (D:11)
  2 death yaks (Lair:6)
  3 orc high priests (Orc:2)
  A spriggan (Swamp:1)
  An unseen horror (D:15)
  An infernal demonspawn (Orc:2)
  2 orc knights (Orc:2)
  3 ugly things
  3 orc sorcerers (Orc:2)
  A wolf spider zombie (D:15)
  3 polar bears (Lair:6)
  A hornet (Swamp:1)
  A dream sheep (D:12)
  2 slime creatures
  5 yaks (D:11)
  Edmund (D:6)
  A warg (Lair:6)
  A water moccasin (Lair:6)
  A hell hound (Lair:6)
  An ice beast (D:7)
  A wolf (Lair:6)
  A lemure (D:5)
  Blork the orc (D:5)
  A bullfrog (D:4)
  A gnoll sergeant (D:7)
  A quasit (D:11)
  2 orc priests
  An orc wizard (Orc:1)
  A worker ant (D:4)
  A gnoll (D:6)
  4 orcs
  A giant cockroach (D:5)
  A jackal (D:3)
  7 kobolds
  5 foxfires
73 creatures vanquished.

Vanquished Creatures (others)
  An orc priest (Orc:1)
  A centaur skeleton (D:11)
  A kobold (D:5)
  1287 foxfires
  31 fungi
  89 plants
1410 creatures vanquished.

Grand Total: 2368 creatures vanquished

Notes
Turn   | Place    | Note
-------+----------+-------------------------------------------
     0 | D:1      | iamoutofideas the Demonspawn Fire Elementalist began the
                  | quest for the Orb.
     0 | D:1      | Reached XP level 1. HP: 13/13 MP: 3/3
   180 | D:1      | Gained mutation: You are surrounded by a mild repulsion
                  | field. (EV +2) [demonic ancestry]
   180 | D:1      | Reached XP level 2. HP: 10/19 MP: 0/5
   987 | D:1      | Reached XP level 3. HP: 24/24 MP: 4/6
  1767 | D:2      | Found a shadowy altar of Dithmenos.
  1987 | D:2      | Gained mutation: A weak demonic guardian rushes to your
                  | aid. [demonic ancestry]
  1987 | D:2      | Reached XP level 4. HP: 25/30 MP: 1/8
  2887 | D:2      | Found a faded altar of an unknown god.
  3506 | D:3      | Gained mutation: You are surrounded by a moderate repulsion
                  | field. (EV +3) [demonic ancestry]
  3506 | D:3      | Reached XP level 5. HP: 35/35 MP: 1/10
  3667 | D:3      | Found a transporter.
  3708 | D:3      | Learned a level 3 spell: Conjure Flame
  3713 | D:3      | Learned a level 4 spell: Sticky Flame
  3796 | D:3      | Found a transporter.
  4638 | D:4      | Noticed a phantom
  4686 | D:4      | Killed a phantom
  4687 | D:4      | Gained mutation: You sometimes gain a little power by
                  | taking damage. [demonic ancestry]
  4687 | D:4      | Reached XP level 6. HP: 41/41 MP: 2/12
  4918 | D:4      | Found Xabrowon's Lightly-Used Armoury.
  5084 | D:4      | Found a hide-covered altar of Uskayaw.
  5301 | D:4      | Reached XP level 7. HP: 36/46 MP: 9/13
  5414 | D:5      | Entered Level 5 of the Dungeon
  5414 | D:5      | Noticed Blork the orc
  5428 | D:5      | Killed Blork the orc
  5638 | D:5      | Found a runed translucent gate.
  5638 | D:5      | Found a runed translucent gate.
  5640 | D:5      | Found a runed translucent gate.
  5640 | D:5      | Noticed qqq123's ghost (novice GrFi)
  5640 | D:5      | Identified the cursed +3 short sword of Elaygain {drain,
                  | rF++ Will- SInv Stlth+}
  5926 | D:5      | Noticed Pikel
  6227 | D:5      | Killed Pikel
  6228 | D:5      | Reached skill level 5 in Spellcasting
  6228 | D:5      | Reached skill level 5 in Conjurations
  6228 | D:5      | Gained mutation: You have a pair of small horns on your
                  | head. [demonic ancestry]
  6228 | D:5      | Reached XP level 8. HP: 47/52 MP: 0/16
  7222 | D:6      | Reached skill level 5 in Fire Magic
  7235 | D:6      | Noticed Menkaure
  7243 | D:6      | Killed Menkaure
  7487 | D:6      | Found a stormy altar of Qazlal.
  7558 | D:6      | Noticed Edmund
  7567 | D:6      | Killed Edmund
  7638 | D:6      | Learned a level 5 spell: Fireball
  7901 | D:7      | Gained mutation: You are surrounded by a strong repulsion
                  | field. (EV +4, RMsl) [demonic ancestry]
  7901 | D:7      | Reached XP level 9. HP: 44/57 MP: 8/19
  8306 | D:7      | Found a staircase to the Ecumenical Temple.
  8343 | Temple   | Entered the Ecumenical Temple
  8758 | D:7      | Found a radiant altar of Vehumet.
  8864 | D:7      | Became a worshipper of Vehumet
  9895 | D:8      | Found a viscous altar of Jiyva.
 10281 | D:8      | Reached * piety under Vehumet
 10281 | D:8      | Offered knowledge of Freeze by Vehumet.
 10404 | D:8      | Found a transporter.
 10407 | D:8      | Found a transporter.
 10595 | D:8      | Noticed a two-headed ogre
 10609 | D:8      | Killed a two-headed ogre
 11025 | D:9      | Gained mutation: You have a pair of horns on your head.
                  | [demonic ancestry]
 11025 | D:9      | Reached XP level 10. HP: 60/63 MP: 16/22
 11149 | D:9      | Noticed a two-headed ogre
 11206 | D:9      | Killed a two-headed ogre
 11309 | D:9      | Found a white marble altar of Elyvilon.
 11408 | D:9      | Reached ** piety under Vehumet
 11462 | D:9      | Offered knowledge of Magic Dart by Vehumet.
 11481 | D:9      | Found a glowing golden altar of the Shining One.
 11650 | D:9      | Found a blossoming altar of Fedhas.
 12010 | D:9      | Noticed a two-headed ogre
 12020 | D:9      | Killed a two-headed ogre
 12021 | D:9      | Reached skill level 10 in Conjurations
 12137 | D:9      | Noticed a two-headed ogre
 12145 | D:9      | Killed a two-headed ogre
 12795 | D:9      | Found Saxzalog's General Store.
 12821 | D:9      | Found a sacrificial altar of Ru.
 12886 | D:9      | Found an opulent altar of Gozag.
 13153 | D:10     | Entered Level 10 of the Dungeon
 13154 | D:10     | Offered knowledge of Ignite Poison by Vehumet.
 13409 | D:9      | Reached skill level 10 in Spellcasting
 13535 | D:9      | Reached *** piety under Vehumet
 13933 | D:10     | Gained mutation: A demonic guardian rushes to your aid.
                  | [demonic ancestry]
 13933 | D:10     | Reached XP level 11. HP: 37/68 MP: 20/25
 14251 | D:10     | Found Olian's Distillery.
 14254 | D:10     | Bought a potion of heal wounds for 70 gold pieces
 14254 | D:10     | Bought a potion of heal wounds for 70 gold pieces
 14521 | D:11     | Offered knowledge of Stone Arrow by Vehumet.
 14532 | D:11     | Noticed a white ugly thing
 14541 | D:11     | Killed a white ugly thing
 14714 | D:11     | Noticed a two-headed ogre
 14724 | D:11     | Killed a two-headed ogre
 14914 | D:11     | Noticed a red ugly thing
 14925 | D:11     | Killed a red ugly thing
 14926 | D:11     | Reached skill level 1 in Shields
 14930 | D:11     | Noticed a boulder beetle
 15163 | D:11     | Reached **** piety under Vehumet
 15283 | D:11     | Noticed a two-headed ogre
 15287 | D:11     | Killed a two-headed ogre
 15287 | D:11     | Offered knowledge of Iskenderun's Battlesphere by Vehumet.
 15382 | D:11     | Found a staircase to the Lair.
 15382 | D:11     | Noticed a two-headed ogre
 15386 | D:11     | Killed a two-headed ogre
 15597 | D:11     | Killed an unseen horror
 15812 | D:11     | Noticed a two-headed ogre
 15817 | D:11     | Killed a two-headed ogre
 15821 | D:11     | Noticed a centaur warrior
 15829 | D:11     | HP: 2/68 [centaur warrior/arrow (30)]
 15832 | D:11     | Killed a centaur warrior
 16094 | D:11     | Reached XP level 12. HP: 57/74 MP: 15/27
 16538 | D:11     | Killed a boulder beetle
 18254 | D:5      | Killed qqq123's ghost
 18636 | D:12     | Reached ***** piety under Vehumet
 18672 | D:12     | Offered knowledge of Irradiate by Vehumet.
 18888 | D:12     | Noticed a four-headed hydra
 18891 | D:12     | Killed a four-headed hydra
 19153 | D:12     | Found a staircase to the Orcish Mines.
 19844 | D:12     | Noticed a three-headed hydra
 19848 | D:12     | Killed a three-headed hydra
 20054 | D:12     | Noticed a centaur warrior
 20055 | D:12     | Noticed an orc warlord
 20056 | D:12     | Killed a centaur warrior
 20056 | D:12     | Noticed a centaur warrior
 20068 | D:12     | Killed a centaur warrior
 20069 | D:12     | Gained mutation: You sometimes gain power by taking damage.
                  | [demonic ancestry]
 20069 | D:12     | Reached XP level 13. HP: 72/80 MP: 8/29
 20480 | D:12     | Identified the +5 demon blade of Calculation {pain, +Blink
                  | Str+5 Dex+3}
 20483 | D:12     | Reached skill level 10 in Fire Magic
 20663 | D:12     | Found an iron altar of Okawaru.
 21123 | D:12     | Killed an orc warlord
 21124 | D:12     | Reached skill level 1 in Fighting
 21528 | Lair:1   | Entered Level 1 of the Lair of Beasts
 21795 | Lair:1   | Identified Sif Muna's Catalogue of Execration
 23172 | Lair:2   | Found a runed translucent gate.
 23172 | Lair:2   | Found a runed translucent gate.
 23787 | Lair:2   | Offered knowledge of Iron Shot by Vehumet.
 23796 | Lair:2   | Learned a level 6 spell: Iron Shot
 23994 | Lair:2   | Found a staircase to the Snake Pit.
 24109 | Lair:2   | Found a runed translucent gate.
 24112 | Lair:2   | Noticed Fractals's ghost (journeyman HOFi)
 24325 | Lair:2   | Killed Fractals's ghost
 25169 | Lair:3   | Reached skill level 1 in Earth Magic
 27211 | Lair:4   | Found a staircase to the Swamp.
 27281 | Lair:4   | Gained mutation: You have a pair of large horns on your
                  | head. [demonic ancestry]
 27281 | Lair:4   | Reached XP level 14. HP: 94/94 MP: 18/31
 28191 | Lair:5   | Found a dark tunnel.
 28221 | Volcano  | Entered a volcano
 28238 | Volcano  | Learned a level 3 spell: Mephitic Cloud
 28247 | Volcano  | Found a radiant altar of Vehumet.
 29708 | Lair:6   | Entered Level 6 of the Lair of Beasts
 30652 | Lair:6   | Offered knowledge of Conjure Ball Lightning by Vehumet.
 31326 | Lair:6   | Got a crystal dagger
 31585 | Lair:6   | Identified the +4 dagger "Koage" {vorpal, *Noise +Rage
                  | rPois Str+4} (You found it on level 6 of the Lair of
                  | Beasts)
 31594 | Lair:6   | Got a steaming plate armour
 31605 | Lair:6   | Identified the +3 plate armour of Xeshrebawn {rCorr Dex+4}
                  | (You found it on level 6 of the Lair of Beasts)
 32327 | Lair:6   | Reached skill level 5 in Fighting
 32920 | Lair:6   | Gained mutation: Your flesh is cold resistant. (rC+)
                  | [demonic ancestry]
 32920 | Lair:6   | Reached XP level 15. HP: 76/103 MP: 23/33
 33196 | Lair:6   | Found a staircase to the Slime Pits.
 33567 | D:11     | Identified a scroll of acquirement
 33567 | D:11     | Acquired a book of Annihilations
 33579 | D:11     | Learned a level 9 spell: Fire Storm
 33638 | Orc:1    | Entered Level 1 of the Orcish Mines
 33883 | Orc:1    | Identified the +1 leather armour of Xom's Vengeance
                  | {*Contam rC- Will++ Dex+2}
 33980 | Orc:2    | Entered Level 2 of the Orcish Mines
 33980 | Orc:2    | Found a staircase to the Elven Halls.
 34228 | Orc:2    | Offered knowledge of Eringya's Noxious Bog by Vehumet.
 34420 | Orc:2    | Found Wuizubun's Magic Scroll Shoppe.
 34421 | Orc:2    | Found Toluw's Distillery.
 35362 | Orc:2    | Reached skill level 15 in Conjurations
 35521 | Orc:2    | Reached skill level 15 in Spellcasting
 35543 | Orc:2    | Reached ****** piety under Vehumet
 35757 | Orc:2    | Found Veocs's Antique Armour Boutique.
 35757 | Orc:2    | Found Eptoch's Gadget Shop.
 35758 | Orc:2    | Found a one-way gate leading to the halls of Pandemonium.
 35760 | Orc:2    | Bought a pair of runed boots for 270 gold pieces
 36480 | Orc:1    | Noticed an orc warlord
 36482 | Orc:1    | Offered knowledge of Ozocubu's Refrigeration by Vehumet.
 36506 | Orc:2    | Killed an orc warlord
 36859 | Orc:2    | Bought a scroll of blinking for 90 gold pieces
 36859 | Orc:2    | Bought a scroll of identify for 24 gold pieces
 36866 | Orc:2    | Learned a level 6 spell: Ozocubu's Refrigeration
 36892 | Elf:1    | Entered Level 1 of the Elven Halls
 37028 | D:13     | Noticed Sonja
 37030 | D:13     | Killed Sonja
 37742 | D:13     | Noticed Maurice
 37745 | D:13     | Killed Maurice
 38077 | D:13     | Offered knowledge of Starburst by Vehumet.
 40281 | D:14     | Found a gate to the Vaults.
 40826 | D:15     | Entered Level 15 of the Dungeon
 41122 | D:15     | Gained mutation: You are immune to freezing clouds.
                  | [demonic ancestry]
 41122 | D:15     | Reached XP level 16. HP: 110/110 MP: 17/35
 41763 | D:15     | Found Duets's Gadget Boutique.
 41768 | D:15     | Noticed Jorgrun
 41784 | D:15     | Killed Jorgrun
 42070 | D:15     | Found a sacrificial altar of Ru.
 42610 | D:15     | Found a staircase to the Depths.
 44169 | D:11     | Gained mutation: You are clumsy. (Dex -2) [mutagenic glow]
 44180 | D:11     | Lost mutation: You are clumsy. (Dex -2) [potion of
                  | mutation]
 44180 | D:11     | Gained mutation: You have large cloven feet. [potion of
                  | mutation]
 44180 | D:11     | Gained mutation: You do not regenerate when monsters are
                  | visible. [potion of mutation]
 44180 | D:11     | Gained mutation: Your flesh is heat resistant. (rF+)
                  | [potion of mutation]
 44180 | D:11     | Gained mutation: Your mind is acute. (Int +2) [potion of
                  | mutation]
 44181 | D:11     | Lost mutation: You do not regenerate when monsters are
                  | visible. [potion of mutation]
 44181 | D:11     | Lost mutation: Your mind is acute. (Int +2) [potion of
                  | mutation]
 44181 | D:11     | Lost mutation: You have large cloven feet. [potion of
                  | mutation]
 44181 | D:11     | Lost mutation: Your flesh is heat resistant. (rF+) [potion
                  | of mutation]
 44181 | D:11     | Gained mutation: You occasionally shout uncontrollably at
                  | your foes. [potion of mutation]
 44181 | D:11     | Gained mutation: You are agile. (Dex +2) [potion of
                  | mutation]
 44256 | Snake:1  | Entered Level 1 of the Snake Pit
 45017 | Swamp:1  | Entered Level 1 of the Swamp
 45177 | Swamp:1  | Noticed Aizul
 45262 | Lair:4   | HP: 3/111 [will-o-the-wisp/foxfire (24)]
 45262 | Lair:4   | Killed from afar by a will-o-the-wisp

Illustrated notes

Levels and vault maps discovered:
D:1:      amcnicky_arrival_flooded_fountain, layout_loops_corners,
          minmay_pentomino_q2
D:2:      layout_loops_ring, nicolae_dithmenos_shadow_blocks,
          chequers_ecumenical_altar_island, serial_bayou_pond_e
D:3:      gammafunk_wand_slinger, layout_basic
D:4:      layout_rooms, eat_drink_and_be_merry_uskayaw, minmay_shop_damaged,
          minmay_misc_feat_tiny
D:5:      layout_basic, gammafunk_ghost_nasty_kobolds, uniq_blork_the_orc,
          uniq_pikel
D:6:      layout_basic, lemuel_crystal_altar, uniq_menkaure, uniq_edmund
D:7:      kennysheep_kobold_camp, layout_loops_corners,
          overflow_temple_1_default, minmay_temple_entry_ruins
D:8:      gammafunk_jiyva_shrine, layout_cave_pods
D:9:      layout_stronghold, nicolae_tso_besieged_by_evil,
          nicolae_overflow_crystal_walls, kennysheep_little_box,
          nicolae_ru_path_of_blood, serial_shops, shop, grunt_decor_arrowhead,
          moated_statue, introduction_to_nature_1
D:10:     layout_rooms, serial_shops, kennysheep_mini_moat
D:11:     nzn_winding_woodlands_stair_cross [nzn_winding_woodlands_5x15_eye,
          nzn_winding_woodlands_center_lodge, nzn_winding_woodlands_5x15_twine,
          nzn_winding_woodlands_5x5_perimeter, nzn_winding_woodlands_hourglass,
          nzn_winding_woodlands_5x15_parted,
          nzn_winding_woodlands_center_pierced_h,
          nzn_winding_woodlands_5x15_pockets], layout_irregular_city
D:12:     evilmike_iron_armoury, layout_rooms, orc_david_3, hangedman_ranch
          [blue_anna_fruit_fields]
D:13:     layout_rooms, enter_bailey_8, einodemon_barbed_minivault,
          uniq_maurice, uniq_sonja
D:14:     layout_rooms, david_vaults_2, kennysheep_path_1
D:15:     grunt_enter_depths_magical_seal, layout_loops_ring, basic_altar,
          minmay_fountain_box, serial_shops, shop, nrook_uturn,
          minmay_more_statues, uniq_jorgrun
Temple:   jpeg_temple_clearing
Lair:1:   layout_chaotic_city, st_stairs_3, serial_bayou_shore_a,
          minmay_lair_oklob_chamber
Lair:2:   layout_hall_layers, minmay_snake_entry_guardpost_small,
          ebering_ghost_rock_garden
Lair:3:   layout_concentric_octagons, minivault_23, minivault_23, minivault_25,
          infiniplex_staircase_pool_2
Lair:4:   layout_cave_pods, nicolae_swamp_entry_splash_gauntlet,
          grunt_megastairs_3
Lair:5:   layout_layer_cave, enter_volcano_1, grunt_megastairs_2
Lair:6:   hangedman_lair_caniforms_friends, layout_cave_pods,
          hangedman_lair_in_review, minmay_slime_entry_eyes
Swamp:1:  layout_basic_swamp, evilmike_swamp_ruin_house_2,
          infiniplex_staircase_pool, uniq_aizul
Snake:1:  layout_misc_corridors, minmay_shoptagon, uniq_asterion
Orc:1:    layout_diamond_mine, minmay_orc_keep
Orc:2:    pf_orc_diabolical, layout_caves
Elf:1:    eino_elf_arrival_the_gate, layout_geoelf_grid, special_room
          [special_room_mythical_zoo], serial_glass, glass_columns_c,
          glass_columns_b, minivault_28, grunt_megastairs_5,
          roderic_lattice_octagonal_star

Skill      XL: |  1  2  3  4  5  6  7  8  9 10 11 12 13 14 15 16 |
---------------+-------------------------------------------------+-----
Stealth        | 2 |  2.0
Fire Magic     | 3 4 5 6 7 8 9 11 13 14 | 14.0
Dodging        | 2 3 4 |  4.7
Spellcasting   | 3 4 5 7 8 10 11 12 13 14 15 16 | 16.1
Conjurations   | 2 3 4 5 7 9 10 11 12 13 14 15 16 | 16.2
Shields        | 4 |  4.0
Fighting       | 3 5 |  5.7
Earth Magic    | 1 3 |  3.0
Unarmed Combat | |  0.3

Action                   |  1- 3 |  4- 6 |  7- 9 | 10-12 | 13-15 | 16-18 || total
-------------------------+-------+-------+-------+-------+-------+-------++-------
Melee: Unarmed           |    33 |    51 |     2 |       |       |       ||    86
       Short sword       |       |       |    47 |    70 |    56 |       ||   173
       Headbutt          |       |       |     8 |    15 |    61 |    35 ||   119
       Demon blade       |       |       |       |       |    81 |       ||    81
       Dagger            |       |       |       |       |    66 |   101 ||   167
 Cast: Foxfire           |    63 |   155 |   250 |   265 |    89 |     4 ||   826
       Sticky Flame      |       |       |    14 |    14 |    19 |    11 ||    58
       Conjure Flame     |       |       |     3 |       |     2 |     1 ||     6
       Fireball          |       |       |     3 |   146 |   413 |    74 ||   636
       Iron Shot         |       |       |       |       |   108 |    67 ||   175
       Mephitic Cloud    |       |       |       |       |     6 |     2 ||     8
 Abil: Stop Flying       |       |       |       |       |     1 |       ||     1
Evoke: Wand              |       |       |       |     3 |     5 |     4 ||    12
  Use: Scroll            |     1 |     3 |     4 |    17 |    26 |     6 ||    57
       Potion            |       |       |       |    10 |     8 |     7 ||    25
 Stab: Sleeping          |       |       |     4 |       |     1 |       ||     5
       Confused          |       |       |       |       |     1 |       ||     1
Armor: Robe              |     5 |    15 |    11 |    12 |     3 |       ||    46
       Leather armour    |       |       |       |       |    46 |    22 ||    68
       Troll leather arm |       |       |       |       |       |    11 ||    11
Dodge: Dodged            |    37 |    76 |   121 |   131 |   204 |   109 ||   678
       Repelled          |       |       |       |     2 |     9 |     1 ||    12
Block: Other             |       |       |    32 |    37 |       |       ||    69
       Reflection        |       |       |     1 |    15 |    27 |     6 ||    49
       Buckler           |       |       |       |    35 |   255 |   132 ||   422
       Rpst.: Demon blade |       |       |       |       |    14 |       ||    14
